AoeStats
← BruteSquad

Arena

510112005Analyzed
1v1 RM · 2d ago on Sep 29, 2026· 45m 22s· 2 players
Game mode
Random Map
Map size
Tiny (2 player)
Population
200
Speed
Normal
Resources
Standard
Victory
Conquest
Starting age
Dark Age
Ending age
Imperial Age
RankedLock teamsTeams togetherTeam positionsShared explorationLock speedFull tech treeHidden civsTurbo modeCheats
Victory
Defeat
823
+18
🇺🇸 Bohemians · United States
857
-18
BruteSquad
11:49 Feudal Age
16:15 Castle Age
16:29 Double-Bit Axe
16:27 Horse Collar
19:42 Bow Saw
21:02 Wheelbarrow
20:35 Heavy Plow
25:43 Forging
26:26 Hand Cart
29:00 Iron Casting
27:53 Pikeman
32:44 Imperial Age
32:43 Chemistry
32:05 Ballistics
33:07 Fortified Wall
33:08 Wagenburg Tactics
32:56 Halberdier
35:18 Two-Man Saw
34:14 Houfnice
36:06 Squires
36:36 Conscription
40:37 Loom
43:16 Blast Furnace
42:17 Scale Mail Armor
43:34 Arrowslits
43:47 Murder Holes
哄好队友就能赢
11:09 Feudal Age
14:43 Castle Age
12:53 Double-Bit Axe
15:36 Horse Collar
19:55 Stone Mining
21:59 Scale Barding Armor
23:33 Wheelbarrow
22:47 Loom
23:29 Forging
25:58 Hand Cart
26:03 Gold Mining
26:45 Chain Barding Armor
27:01 Iron Casting
29:03 Husbandry
29:15 Bloodlines
32:30 Imperial Age
30:36 Town Watch
31:48 Gold Shaft Mining
31:53 Stone Shaft Mining
33:12 Conscription
32:16 Cavalier
33:36 Plate Barding Armor
34:02 Blast Furnace
34:35 Guilds
33:52 Savar
35:08 Masonry
35:24 Elite War Elephant
36:15 Light Cavalry
36:49 Fletching
37:55 Hussar
39:24 Citadels
43:43 Bodkin Arrow
44:26 Heavy Plow
Connection lost

Rejoining the realm…

Still unreachable

The connection could not be restored.

Session expired

The server has moved on; the page needs a fresh start.